 Seeded DCSS version 0.29-a0-392-g297d3b089c (webtiles) character file.

Game seed: 10077074884737061911 (custom seed)

2192 NinjaNoafa the Slinger (level 9, -3/81 (90) HPs)
             Began as a Gnoll Wanderer on May 8, 2022.
             Was a Follower of Hepliaklqana.
             Slain by a wight
             ... wielding a +3 great sword
              (14 damage)
             ... on level 7 of the Dungeon.
             The game lasted 00:08:43 (6176 turns).

NinjaNoafa the Slinger (Gnoll Wanderer)             Turns: 6176, Time: 00:08:43

HP:   -3/81 (90)    AC: 28    Str: 12    XL:     9   Next: 33%
MP:   16/16         EV:  2    Int:  8    God:    Hepliaklqana [*.....]
Gold: 263           SH:  0    Dex: 19    Spells: 17/18 levels left

rFire   + . .      SeeInvis .   f - +4 halberd
rCold   + . .      Faith    .   (shield currently unavailable)
rNeg    . . .      Spirit   .   (body armour currently unavailable)
rPois   +          Reflect  .   (helmet currently unavailable)
rElec   +          Harm     .   (cloak currently unavailable)
rCorr   +          Rampage  .   (gloves currently unavailable)
Will    +....      NoTele   +   (boots currently unavailable)
Stlth   +.........              (no amulet)
HPRegen 0.23/turn               n - +4 ring of protection
MPRegen 0.15/turn               A - ring of willpower

@: confused, tree-form, resistant, ambrosia-drunk, heavily drained
A: stationary, stasis, torment immunity, boosted hp, reduced essence, (fangs 1),
strong nose, distributed training
a: Renounce Religion, Recall Ancestor, Ancestor Identity


You were on level 7 of the Dungeon.
You worshipped Hepliaklqana.
Hepliaklqana was aware of your devotion.
You were a tree.
You visited 1 branch of the dungeon, and saw 7 of its levels.

You collected 263 gold pieces.

Inventory:

Hand Weapons
 a - a +2 hunting sling of electrocution
 b - a +0 shortbow
 f - a +4 halberd (weapon)
 t - a +3 short sword
Missiles
 g - 4 javelins
 h - 2 throwing nets
 o - 2 poisoned darts
Armour
 c - a +0 pair of boots (melded)
 m - a +2 pair of gloves (melded)
 q - a +0 helmet (melded)
 r - the +0 leather armour "Uroot" (melded) {Dex+4}
   (You found it on level 2 of the Dungeon)

   Dex:       It affects your dexterity (+4).
Magical Staves
 u - a staff of cold
Jewellery
 n - a +4 ring of protection (left branch)
 A - a ring of willpower (right branch)
Scrolls
 d - 3 scrolls of teleportation
 i - a scroll of summoning
 k - 3 scrolls of blinking
 s - a scroll of poison
Potions
 j - a potion of curing
 l - 2 potions of invisibility
 p - a potion of attraction
 v - 3 potions of degeneration
 w - a potion of cancellation
 x - 2 potions of flight
 B - a potion of haste


   Skills:
 + Level 4.9 Fighting
 + Level 4.1 Short Blades
 + Level 4.1 Long Blades
 + Level 4.1 Axes
 + Level 4.1 Maces & Flails
 + Level 4.1 Polearms
 + Level 4.1 Staves
 + Level 11.2 Slings
 + Level 4.9 Bows
 + Level 4.1 Crossbows
 + Level 4.1 Throwing
 + Level 4.1 Armour
 + Level 4.9 Dodging
 + Level 4.1 Stealth
 + Level 4.1 Shields
 + Level 4.1 Unarmed Combat
 + Level 5.1 Spellcasting
 + Level 3.4 Conjurations
 + Level 3.4 Hexes
 + Level 3.4 Summonings
 + Level 3.4 Necromancy
 + Level 3.4 Translocations
 + Level 3.4 Transmutations
 + Level 3.4 Fire Magic
 + Level 3.4 Ice Magic
 + Level 3.4 Air Magic
 + Level 3.4 Earth Magic
 + Level 3.4 Poison Magic
 + Level 4.5 Invocations
 + Level 4.9 Evocations


You had 17 spell levels left.
You knew the following spells:

 Your Spells              Type           Power      Damage    Failure   Level
a - Sting                 Tmut/Pois      28%        1d4       6%          1

Your spell library contained the following spells:

 Spells                   Type           Power      Damage    Failure   Level
 Summon Small Mammal      Summ           28%        N/A       6%          1
 Poisonous Vapours        Pois/Air       14%        N/A       10%         2
 Call Canine Familiar     Summ           7%         N/A       19%         3
 Summon Guardian Golem    Hex/Summ       7%         N/A       19%         3
 Olgreb's Toxic Radiance  Pois           7%         N/A       54%         4


Dungeon Overview and Level Annotations

Branches:
Dungeon (7/15)             Temple (0/1) D:7

Altars:
Dithmenos
Hepliaklqana
Kikubaaqudgha
Makhleb
Qazlal


Innate Abilities, Weirdness & Mutations

You are a tree.
Your roots penetrate the ground, keeping you stationary.
You cannot be teleported.
You are immune to unholy pain and torment.
Your maximum health is greatly increased.
Your equipment is partially melded.
Your life essence is reduced to manifest your ancestor. (-10% HP)
((You have very sharp teeth.))
Your uncanny sense of smell can sniff out nearby items.
Your experience applies equally to all skills.


Message History

Your orc wizard looks even sicker.
You kill your orc wizard!
Your orc wizard's corpse dissolves into shadows!
Your phantom hits the wight but does no damage.
Okay, then.
You are too injured to fight recklessly!
You are too injured to fight recklessly!
Non-targeted confused fire: a) +2 hunting sling (elec)
Press: ? - help, Q - select action, (/) - cycle Dir - look around, f - activate Look: a wight, wielding a +3 great sword and wearing a +0 robe You shoot a sling bullet.
Dowan is engulfed in poison gas.
Dowan looks even sicker.
Dowan points at you and mumbles some strange words.
The stone arrow hits you.
* * * LOW HITPOINT WARNING * * *
Your scorpion is engulfed in poison gas.
Your scorpion looks as sick as possible!
You kill your scorpion!
Your scorpion's corpse dissolves into shadows!
The wight hits you but does no damage. x2
Okay, then.
You're too confused to cast spells.
Your +2 hunting sling of electrocution stops crackling.
f - a +4 halberd (weapon)
Dowan is engulfed in poison gas.
Dowan looks even sicker.
Dowan points at you and mumbles some strange words.
The stone arrow misses you.
You cannot move. (Use ctrl+direction or * direction to attack while stationary and confused.)
You cannot move. (Use ctrl+direction or * direction to attack while stationary and confused.)
You swing at nothing.
Dowan is engulfed in poison gas.
Dowan looks as sick as possible!
Dowan points at you and mumbles some strange words.
The stone arrow hits you but does no damage.
The wight hits you with a +3 great sword.
* * * LOW HITPOINT WARNING * * *
You feel drained. The wight hits you but does no damage.
Dowan is engulfed in poison gas.
Dowan looks as sick as possible!
You kill Dowan!
The wight hits you with a +3 great sword!
You die...

#..........................,,
#..........§§§§§§§§○..####*,,
#.....)....○§§☼○§§§§..### **,
############§☼§○§§§§....# *,
#§§§○§§§§.)..# *,
######§§§§§§§§....# **
#§☼§§§§§○☼☼○§§)...# *
#○§§§☼§☼§§§☼####### *
#§○☼§.♣zW§§§# * #§§§§zz§§§§§#
#§§§§§§○§☼§§# #§§○☼§§§☼§§§#
#§☼§○○§§§§§☼# #§☼§§§§§§☼§☼#
#☼§○☼§.§§§§§# #§§☼☼§☼§§§§☼#
*,,,,,,,,,,,*


You could see 3 wights and a friendly phantom (summoned).

Vanquished Creatures
  The ghost of samgaumpmail the Digger, an amateur GrEE of Jiyva (D:4)
  Duvessa (D:7)
  2 orc warriors (D:6)
  2 ice beasts
  3 black bears
  2 ogres
  A phantom (D:4)
  A bullfrog (D:5)
  A necrophage (D:6)
  A scorpion (D:6)
  6 wights (D:7)
  Dowan (D:7)
  A howler monkey (D:5)
  2 orc priests
  A gnoll shaman (D:5)
  3 hounds
  An iguana (D:4)
  2 orc wizards
  15 gnolls
  10 adders
  An ufetubus (D:6)
  A worm (D:2)
  5 dart slugs
  17 orcs
  5 ball pythons
  2 endoplasms
  6 hobgoblins
  2 jackals (D:4)
  2 bats (D:3)
  4 frilled lizards
  2 goblins
  2 kobolds
  6 rats
112 creatures vanquished.

Vanquished Creatures (others)
  A human (D:5)
  An ancestor (D:7)
2 creatures vanquished.

Grand Total: 114 creatures vanquished

Notes
Turn   | Place    | Note
-------+----------+-------------------------------------------
     0 | D:1      | Reached skill level 10 in Slings
     0 | D:1      | NinjaNoafa the Gnoll Wanderer began the quest for the Orb.
     0 | D:1      | NinjaNoafa set off with the following items: a +2 hunting
                  | sling, a +0 shortbow, a +0 pair of boots, a scroll of
                  | teleportation, a +0 leather armour
     0 | D:1      | Reached XP level 1. HP: 17/17 MP: 4/4
    42 | D:1      | Found a faded altar of an unknown god.
   995 | D:2      | Reached XP level 2. HP: 23/23 MP: 5/5
  1187 | D:2      | Reached XP level 3. HP: 27/28 MP: 7/7
  1276 | D:2      | Identified the +0 leather armour "Uroot" {Dex+4}
  1398 | D:2      | Reached skill level 1 in Invocations
  1615 | D:3      | You fall into a shaft and drop 1 floor!
  1617 | D:4      | Reached skill level 1 in Short Blades
  1617 | D:4      | Reached skill level 1 in Long Blades
  1617 | D:4      | Reached skill level 1 in Axes
  1617 | D:4      | Reached skill level 1 in Maces & Flails
  1617 | D:4      | Reached skill level 1 in Polearms
  1617 | D:4      | Reached skill level 1 in Staves
  1617 | D:4      | Reached skill level 1 in Crossbows
  1617 | D:4      | Reached skill level 1 in Throwing
  1617 | D:4      | Reached skill level 1 in Armour
  1617 | D:4      | Reached skill level 1 in Stealth
  1617 | D:4      | Reached skill level 1 in Shields
  1617 | D:4      | Reached skill level 1 in Unarmed Combat
  1617 | D:4      | Reached XP level 4. HP: 34/34 MP: 8/8
  1627 | D:4      | HP: 1/34 [gnoll/+4 halberd (13)]
  1995 | D:3      | Reached skill level 1 in Conjurations
  1995 | D:3      | Reached skill level 1 in Hexes
  1995 | D:3      | Reached skill level 1 in Summonings
  1995 | D:3      | Reached skill level 1 in Necromancy
  1995 | D:3      | Reached skill level 1 in Translocations
  1995 | D:3      | Reached skill level 1 in Transmutations
  1995 | D:3      | Reached skill level 1 in Fire Magic
  1995 | D:3      | Reached skill level 1 in Ice Magic
  1995 | D:3      | Reached skill level 1 in Air Magic
  1995 | D:3      | Reached skill level 1 in Earth Magic
  1995 | D:3      | Reached skill level 1 in Poison Magic
  2003 | D:3      | Reached XP level 5. HP: 31/40 MP: 9/9
  2143 | D:3      | Found a burning altar of Makhleb.
  2734 | D:4      | Reached XP level 6. HP: 47/47 MP: 10/10
  3131 | D:4      | Reached XP level 7. HP: 52/52 MP: 12/12
  3225 | D:4      | Found a stormy altar of Qazlal.
  3258 | D:4      | Found a runed translucent door.
  3258 | D:4      | Noticed samgaumpmail's ghost (amateur GrEE)
  3284 | D:4      | Killed samgaumpmail's ghost
  3409 | D:5      | Entered Level 5 of the Dungeon
  3715 | D:5      | Reached XP level 8. HP: 48/60 MP: 12/14
  3928 | D:5      | Found a hazy altar of Hepliaklqana.
  4254 | D:5      | Found an ancient bone altar of Kikubaaqudgha.
  4590 | D:5      | Became a worshipper of Hepliaklqana the Forgotten
  4634 | D:6      | Found a shadowy altar of Dithmenos.
  4897 | D:6      | Reached skill level 11 in Slings
  5848 | D:6      | Reached XP level 9. HP: 66/66 MP: 16/16
  5870 | D:6      | Learned a level 1 spell: Sting
  6086 | D:7      | Reached skill level 5 in Spellcasting
  6111 | D:7      | Reached * piety under Hepliaklqana
  6144 | D:7      | Noticed Dowan
  6146 | D:7      | Noticed Duvessa
  6166 | D:7      | Killed Duvessa
  6176 | D:7      | Killed Dowan
  6176 | D:7      | Slain by a wight

Illustrated notes

Levels and vault maps discovered:
D:1:      roderic_dead_forest, layout_loops_ring,
          shapermc_ecumenical_altar_ellora, patterned_corridor
D:2:      layout_basic, corexii_shack
D:3:      layout_basic, general_overflow_altar, chequers_mini_garden
D:4:      layout_rooms, mainiacjoe_overflow_alcove_2, gammafunk_ghost_grave
D:5:      layout_basic, tgw_kikubaaqudgha, nzn_hepliaklqana_mist_gate,
          kennysheep_generic_room_10
D:6:      layout_rooms, grunt_dithmenos_smoke, minivault_24,
          kennysheep_opposing_triangles
D:7:      layout_basic, minmay_temple_entry_waves,
          lightli_ossuary_entry_decrepit_ruins, uniq_duvessa

Skill      XL: |  1  2  3  4  5  6  7  8  9 |
---------------+----------------------------+-----
Slings         | 11 | 11.2
Invocations    | 1 2 3 4 |  4.5
Short Blades   | 1 2 3 4 |  4.1
Long Blades    | 1 2 3 4 |  4.1
Axes           | 1 2 3 4 |  4.1
Maces & Flails | 1 2 3 4 |  4.1
Polearms       | 1 2 3 4 |  4.1
Staves         | 1 2 3 4 |  4.1
Crossbows      | 1 2 3 4 |  4.1
Throwing       | 1 2 3 4 |  4.1
Armour         | 1 2 3 4 |  4.1
Stealth        | 1 2 3 4 |  4.1
Shields        | 1 2 3 4 |  4.1
Unarmed Combat | 1 2 3 4 |  4.1
Spellcasting   | 3 4 5 |  5.1
Conjurations   | 1 2 3 |  3.4
Hexes          | 1 2 3 |  3.4
Summonings     | 1 2 3 |  3.4
Necromancy     | 1 2 3 |  3.4
Translocations | 1 2 3 |  3.4
Transmutations | 1 2 3 |  3.4
Fire Magic     | 1 2 3 |  3.4
Ice Magic      | 1 2 3 |  3.4
Air Magic      | 1 2 3 |  3.4
Earth Magic    | 1 2 3 |  3.4
Poison Magic   | 1 2 3 |  3.4
Fighting       | 3 4 |  4.9
Bows           | 3 4 |  4.9
Dodging        | 3 4 |  4.9
Evocations     | 3 4 |  4.9

Action                   |  1- 3 |  4- 6 |  7- 9 || total
-------------------------+-------+-------+-------++-------
Melee: Halberd           |       |    19 |       ||    19
       Bite              |       |     4 |       ||     4
 Fire: Hunting sling     |    66 |    90 |   238 ||   394
Invok: Ancestor Identity |       |       |     1 ||     1
  Use: Scroll            |     8 |     2 |    13 ||    23
       Potion            |       |     5 |     4 ||     9
Armor: Leather armour    |     9 |    43 |    56 ||   108
       Skin              |       |       |    20 ||    20
Dodge: Dodged            |     9 |    35 |    91 ||   135

Table legend: (Time is in decaauts)
 A = Elapsed time spent in this place.
 B = Non-inter-level travel time spent in this place.
 C = Inter-level travel time spent in this place.
 D = Time resting spent in this place.
 E = Time spent auto-exploring this place.
 F = Levels seen in this place.
 G = Mean time per level.
                   A        B        C        D        E       F      G
               +--------+--------+--------+--------+--------+-----+--------+
         Total |   6180 |   5880 |    300 |    220 |   4775 |   7 |  882.9 |
       Dungeon |   6180 |   5880 |    300 |    220 |   4775 |   7 |  882.9 |
               +--------+--------+--------+--------+--------+-----+--------+

Top non-repeatable levels by time:
     D:6: 1461 daAuts
     D:5: 1194 daAuts
     D:4: 1037 daAuts
     D:1: 938 daAuts
     D:3: 791 daAuts
     D:2: 650 daAuts
     D:7: 106 daAuts
